 Dungeon Crawl Stone Soup version 0.29-a0-998-g1987434951 (webtiles) character file.

Game seed: 2590267388551631912

552 BritishOli the Trooper (level 7, -3/55 HPs)
             Began as a Demonspawn Fighter on Aug 5, 2022.
             Slain by a scorpion (5 damage)
             ... on level 5 of the Dungeon.
             The game lasted 00:06:59 (5142 turns).

BritishOli the Trooper (Demonspawn Fighter)         Turns: 5142, Time: 00:06:59

Health: -3/55      AC:  7    Str: 22    XL:     7   Next: 8%
Magic:  7/7        EV: 10    Int: 15    God:
Gold:   153        SH:  5    Dex: 12    Spells: 6/6 levels left

rFire   + . .      SeeInvis .   a - +0 long sword
rCold   x . .      Faith    .   c - +0 buckler
rNeg    + . .      Spirit   .   n - +1 leather armour of Jorph {Str+4}
rPois   .          Reflect  .   (no helmet)
rElec   +          Harm     .   (no cloak)
rCorr   +          Rampage  .   (no gloves)
Will    .....                   q - +0 pair of boots of Ahyt {Contam Fly rElec rF+}
Stlth   +.........              (no amulet)
HPRegen 0.18/turn               m - ring of flight
MPRegen 0.10/turn               y - ring "Yqoemn" {rC- rN+ rCorr Int+5}

@: flying
A: thin metallic scales 1
a: no special abilities


You were on level 5 of the Dungeon.
You visited 1 branch of the dungeon, and saw 5 of its levels.
You also visited: Ossuary.

You collected 208 gold pieces.
You spent 55 gold pieces at shops.

Inventory:

Hand Weapons
 a - a +0 long sword (weapon)
Missiles
 o - 2 javelins (quivered)
Armour
 b - a +0 scale mail
 c - a +0 buckler (worn)
 n - the +1 leather armour of Jorph (worn) {Str+4}
   (You found it on level 2 of the Dungeon)

   Str:       It affects your strength (+4).
 q - the +0 pair of boots of Ahyt (worn) {Contam Fly rElec rF+}
   (You found it on level 3 of the Dungeon)

   rF:        It protects you from fire.
   rElec:     It insulates you from electricity.
   Fly:       It grants you flight.
   Contam:    It causes magical contamination when unequipped.
Jewellery
 m - a ring of flight (left hand)
 r - a ring of wizardry
 y - the ring "Yqoemn" (right hand) {rC- rN+ rCorr Int+5}
   (You found it on level 2 of the Dungeon)

   [ring of resist corrosion]

   Int:       It affects your intelligence (+5).
   rC:        It makes you vulnerable to cold.
   rN:        It protects you from negative energy.
   rCorr:     It protects you from acid and corrosion.
Wands
 k - a wand of flame (25)
Scrolls
 e - a scroll of identify
 g - a scroll of fear {unknown}
 h - a scroll of butterflies {unknown}
 j - 3 scrolls of teleportation {unknown}
 v - a scroll of immolation {unknown}
 w - a scroll of enchant armour {unknown}
 x - a scroll of enchant weapon {unknown}
 A - 2 scrolls of vulnerability {unknown}
Potions
 d - 2 potions of might
 f - 10 potions of curing
 i - a potion of flight {unknown}
 l - 2 potions of degeneration {unknown}
 p - a potion of heal wounds
 s - a potion of magic {unknown}
 t - a potion of mutation {unknown}
 u - a potion of haste {unknown}
 z - 2 potions of invisibility {unknown}
 B - 2 potions of lignification {unknown}
 C - a potion of ambrosia {unknown}
 D - a potion of cancellation {unknown}


   Skills:
 + Level 4.8 Fighting
 + Level 3.7 Long Blades
 + Level 4.3 Armour
 + Level 4.3 Shields


You had 6 spell levels left.
You didn't know any spells.
Your spell library was empty.

Dungeon Overview and Level Annotations

Branches:
Dungeon (5/15)            Ossuary (visited)
 Temple: D:4-7

Altars:
Cheibriados
Xom

Shops:
D:2 (*[:!   D:3 (

Portals:
Abyss: D:3

Annotations:
D:3 2 transporters, MsFreee's ghost, weakling MiBe
D:4 Edmund


Innate Abilities, Weirdness & Mutations

You are partially covered in thin metallic scales. (AC +2)


Message History

The orc attacks as you move away! The orc closely misses you.
The scorpion attacks as you move away! The scorpion barely misses you.
You feel sick. The adder bites you but does no damage.
You block the scorpion's attack. Something hits you but does no damage.
Okay, then.
Okay, then.
Something hits you but does no damage.
You feel sick.
The scorpion stings you but does no damage.
The adder closely misses you. The adder attacks as you move away!
The adder bites you but does no damage.
You feel sick. You block the scorpion's attack.
The scorpion stings you but does no damage.
You feel sick. The scorpion completely misses you.
The scorpion attacks as you move away! The scorpion stings you.
You feel sick. The adder bites you.
* * * LOW HITPOINT WARNING * * *
The scorpion attacks as you move away! The scorpion barely misses you.
You feel sick. The scorpion attacks as you move away!
The scorpion completely misses you.
You feel sick.
You are no longer poisoned.
You block the scorpion's attack. The scorpion attacks as you move away!
The scorpion stings you.
* * * LOW HITPOINT WARNING * * *
The scorpion attacks as you move away!
The scorpion stings you but does no damage.
The scorpion attacks as you move away! You block the scorpion's attack.
The scorpion stings you but does no damage.
The adder bites you but does no damage. The scorpion attacks as you move away!
The scorpion stings you but does no damage.
The scorpion attacks as you move away! The scorpion closely misses you.
The adder attacks as you move away! The adder bites you but does no damage.
The scorpion closely misses you. The adder closely misses you.
The adder attacks as you move away! You block the adder's attack.
The orc priest invokes the aid of Beogh against you.
Beogh smites you!
* * * LOW HITPOINT WARNING * * *
The scorpion attacks as you move away! The scorpion stings you.
You die...

._............###)....#
........รท..so...##.).##
..........#.....###..###
.........##......#.....####.
.#.......##......o.....#....
###.............o#..........
..........#......###...##.
.#..........###Ss###....# #
#..........##..@.#..#..##.#
............##..............
..........................##
................###....#####
##.....#.......# ##.....[..
#.....##......# #.<....##.
..... #................#
##.#.##..###...### ##. ..##


You could see 2 scorpions, an orc priest, an adder and 2 orcs.

Vanquished Creatures
  Menkaure (D:4)
  3 water moccasin zombies (Ossuary)
  A jelly (D:5)
  An iguana (D:5)
  An orc wizard (D:3)
  2 mummies (Ossuary)
  6 adders
  8 adder zombies (Ossuary)
  2 dart slugs (D:1)
  6 orcs
  6 endoplasms
  2 gnoll zombies (Ossuary)
  3 hobgoblins
  6 jackals
  2 quokkas
  5 ball pythons
  5 bats
  2 frilled lizards (D:3)
  4 goblins
  5 hobgoblin zombies (Ossuary)
  4 kobolds
  A kobold zombie (Ossuary)
  6 orc zombies (Ossuary)
  8 rats
90 creatures vanquished.

Notes
Turn   | Place    | Note
-------+----------+-------------------------------------------
     0 | D:1      | BritishOli the Demonspawn Fighter began the quest for the
                  | Orb.
     0 | D:1      | Reached XP level 1. HP: 18/18 MP: 1/1
   151 | D:1      | Gained mutation: You are partially covered in thin metallic
                  | scales. (AC +2) [demonic ancestry]
   151 | D:1      | Reached XP level 2. HP: 12/24 MP: 2/2
  1057 | D:2      | Reached XP level 3. HP: 4/29 MP: 3/3
  1060 | D:2      | HP: 1/29 [poisoned by an adder]
  1411 | D:2      | Identified the +1 leather armour of Jorph {Str+4}
  1424 | D:2      | Found Loul Lep's General Store.
  1431 | D:2      | Bought a potion of heal wounds for 55 gold pieces
  1465 | D:2      | Found a shimmering altar of Xom.
  1488 | D:2      | Found Koosoq's Antique Armour Boutique.
  1493 | D:2      | Found a faded altar of an unknown god.
  1523 | D:2      | Found Lihofrug's Book Shoppe.
  1537 | D:2      | Found Dupegif's Distillery.
  1615 | D:2      | You are sucked into a shaft and drop 2 floors!
  1624 | D:4      | Found a sand-covered staircase.
  1624 | D:4      | Noticed Menkaure
  1629 | Ossuary  | Entered an ossuary
  2114 | Ossuary  | Reached XP level 4. HP: 20/37 MP: 4/4
  2274 | Ossuary  | Reached XP level 5. HP: 29/42 MP: 5/5
  2647 | Ossuary  | Reached XP level 6. HP: 9/48 MP: 6/6
  2949 | D:4      | Killed Menkaure
  3057 | D:4      | Noticed Edmund
  3126 | D:3      | Found a transporter.
  3131 | D:3      | Identified the +0 pair of boots of Ahyt {Contam Fly rElec
                  | rF+}
  3215 | D:3      | Found a one-way gate to the infinite horrors of the Abyss.
  3215 | D:3      | Noticed MsFreee's ghost (weakling MiBe)
  3452 | D:3      | Found a transporter.
  3807 | D:3      | Found Liuxtola's Weapon Boutique.
  3971 | D:2      | Found Begreci's Weapon Shoppe.
  4172 | D:2      | Identified the ring "Yqoemn" {rC- rN+ rCorr Int+5}
  4658 | D:5      | Entered Level 5 of the Dungeon
  4808 | D:5      | Found a snail-covered altar of Cheibriados.
  4820 | D:5      | Reached XP level 7. HP: 53/55 MP: 7/7
  5141 | D:5      | HP: 2/55 [orc priest/divine providence (12)]
  5142 | D:5      | Slain by a scorpion

Illustrated notes

Levels and vault maps discovered:
D:1:      heliophobic_arrival_enchanted_forest, layout_rooms, minivault_5,
          minmay_misc_feat_four_crosses
D:2:      layout_loops_ring, basic_altar, serial_shops, nicolae_diamond_shop,
          nicolae_shop_stone, shop, shop, nicolae_shop_bloodbath_and_beyond,
          basic_ecumenical_altar
D:3:      layout_basic, gammafunk_ghost_abyssal_escape, serial_shops,
          nicolae_shop_statue_plus
D:4:      layout_cave_pools, enter_ossuary_2, uniq_menkaure, uniq_grinder,
          uniq_edmund
D:5:      layout_cave_pools, nicolae_overflow_hallway_of_the_gods,
          cheibriados_altar_1, temple_statues, ebering_ghost_rock_garden

Skill      XL: |  1  2  3  4  5  6 |
---------------+-------------------+-----
Long Blades    | 2 3 |  3.7
Shields        | 3 4 |  4.3
Armour         | 3 4 |  4.3
Fighting       | 4 |  4.8

Action                   |  1- 3 |  4- 6 |  7- 9 || total
-------------------------+-------+-------+-------++-------
Melee: Long sword        |   169 |   235 |    24 ||   428
  Use: Scroll            |       |     2 |       ||     2
 Stab: Sleeping          |     1 |       |       ||     1
Armor: Scale mail        |    60 |       |       ||    60
       Leather armour    |    34 |   110 |    23 ||   167
Dodge: Dodged            |    87 |   130 |    24 ||   241
Block: Buckler           |    48 |    49 |    10 ||   107

Table legend: (Time is in decaauts)
 A = Elapsed time spent in this place.
 B = Non-inter-level travel time spent in this place.
 C = Inter-level travel time spent in this place.
 D = Time resting spent in this place.
 E = Time spent auto-exploring this place.
 F = Levels seen in this place.
 G = Mean time per level.
                   A        B        C        D        E       F      G
               +--------+--------+--------+--------+--------+-----+--------+
         Total |   5268 |   5145 |    123 |   1553 |   2678 |   6 |  878.0 |
       Dungeon |   3922 |   3799 |    123 |   1054 |   2071 |   5 |  784.4 |
       Ossuary |   1346 |   1346 |      0 |    499 |    607 |   1 | 1346.0 |
               +--------+--------+--------+--------+--------+-----+--------+

Top non-repeatable levels by time:
     D:1: 1376 daAuts
 Ossuary: 1346 daAuts
     D:3: 912 daAuts
     D:2: 740 daAuts
     D:5: 495 daAuts
     D:4: 397 daAuts
